AoeStats
← Dravogh

MegaRandom

510360266Analyzed
2v2 RM · 3d ago on Sep 30, 2026· 47m 51s· 4 players
Game mode
Random Map
Map size
Medium (4 player)
Population
200
Speed
Normal
Resources
Standard
Victory
Conquest
Starting age
Dark Age
Ending age
Imperial Age
RankedLock teamsTeams togetherTeam positionsShared explorationLock speedFull tech treeHidden civsTurbo modeCheats
Victory
Defeat
🇩🇪 Vietnamese · Germany
1358
+15
🇩🇪 Mongols · Germany
1357
+15
🇵🇱 Teutons · Poland
1354
-15
🇵🇱 Saxons · Poland
1329
-15
Rat
5:59 Loom
9:30 Feudal Age
11:10 Double-Bit Axe
13:58 Fletching
21:41 Castle Age
19:43 Padded Archer Armor
21:58 Crossbowman
25:18 Bodkin Arrow
30:39 Elite Skirmisher
33:03 Scale Mail Armor
33:35 Squires
35:42 Forging
35:52 Chain Mail Armor
39:29 Leather Archer Armor
46:08 Imperial Age
47:37 Plate Mail Armor
47:32 Conscription
Dravogh
6:34 Loom
9:19 Feudal Age
16:09 Double-Bit Axe
16:05 Horse Collar
22:52 Castle Age
22:42 Bloodlines
23:45 Scale Barding Armor
23:51 Forging
24:01 Bow Saw
33:12 Iron Casting
33:44 Heavy Plow
35:24 Chain Barding Armor
35:06 Pikeman
37:11 Fletching
41:25 Scale Mail Armor
41:21 Bodkin Arrow
42:37 Chain Mail Armor
43:02 Squires
48:08 Imperial Age
leox
5:41 Loom
8:37 Feudal Age
10:02 Double-Bit Axe
14:40 Scale Barding Armor
15:55 Forging
15:43 Horse Collar
16:52 Bloodlines
22:56 Castle Age
22:08 Wheelbarrow
22:17 Gold Mining
25:28 Hand Cart
25:34 Husbandry
26:53 Iron Casting
27:13 Chain Barding Armor
34:44 Gold Shaft Mining
39:01 Imperial Age
38:40 Heavy Plow
39:21 Elite Steppe Lancer
41:39 Blast Furnace
43:18 Town Watch
suzn
6:58 Loom
9:53 Feudal Age
10:46 Double-Bit Axe
15:07 Fletching
20:05 Padded Archer Armor
25:27 Castle Age
23:54 Gold Mining
26:03 Bodkin Arrow
25:30 Crossbowman
26:44 Leather Archer Armor
29:49 Bow Saw
30:47 Ballistics
39:53 Wheelbarrow
39:04 Town Watch
43:49 Imperial Age
46:33 Hand Cart
48:04 Bracer
48:34 Ring Archer Armor
Connection lost

Rejoining the realm…

Still unreachable

The connection could not be restored.

Session expired

The server has moved on; the page needs a fresh start.